 Dungeon Crawl Stone Soup version 0.30-a0-263-ge22c4ad894 (webtiles) character file.

Game seed: 12035148445935978193

1533 boo the Insei (level 8, -12/67 HPs)
             Began as a Yellow Draconian Transmuter on Oct 13, 2022.
             Mangled by a cyan ugly thing (14 damage)
             ... on level 6 of the Dungeon.
             The game lasted 00:14:14 (5415 turns).

boo the Insei (Yellow Draconian Transmuter)         Turns: 5415, Time: 00:14:14

Health: -12/67     AC:  2    Str: 12    XL:     8   Next: 55%
Magic:  0/23       EV: 21    Int: 22    God:
Gold:   208        SH:  0    Dex: 17    Spells: 9/15 levels left

rFire   . . .      SeeInvis .      - Unarmed
rCold   . . .      Faith    .    (shield currently unavailable)
rNeg    . . .      Spirit   +    (body armour unavailable)
rPois   x          Reflect  .    (helmet currently unavailable)
rElec   .          Harm     .    (cloak currently unavailable)
rCorr   .          Rampage  .    (gloves currently unavailable)
Will    .....                    (boots currently unavailable)
Stlth   ++........               q - amulet of guardian spirit
HPRegen 0.31/turn                i - +6 ring of intelligence
MPRegen 0.18/turn                l - ring of magical power

@: spider-form (expiring), marked
A: venomous fangs, (spit acid), AC +6, tiny, unfitting armour, (cold-blooded),
(acid resistance)
a: End Transformation


You were on level 6 of the Dungeon.
You were a venomous arachnid creature.
You visited 1 branch of the dungeon, and saw 6 of its levels.

You collected 208 gold pieces.

Inventory:

Armour
 f - a +0 cloak (melded)
 n - a +0 pair of gloves (melded)
 p - a +0 pair of boots (melded)
Jewellery
 i - a +6 ring of intelligence (left front leg)
 l - a ring of magical power (right front leg)
 q - an amulet of guardian spirit (around neck)
Wands
 h - a wand of charming (6)
 r - a wand of acid (11)
Scrolls
 b - 2 scrolls of amnesia {unknown}
 j - 8 scrolls of identify {unknown}
 k - 2 scrolls of immolation {unknown}
 o - 3 scrolls of teleportation {unknown}
 t - a scroll of brand weapon {unknown}
 u - a scroll of vulnerability {unknown}
 v - a scroll of poison {unknown}
 w - a scroll of blinking {unknown}
Potions
 a - 2 potions of lignification
 c - 6 potions of curing
 d - 3 potions of berserk rage {unknown}
 e - a potion of flight {unknown}
 g - a potion of haste {unknown}
 m - a potion of heal wounds {unknown}
 s - a potion of degeneration {unknown}


   Skills:
 + Level 4.7 Fighting
 + Level 4.2 Dodging
 * Level 7.0 Unarmed Combat
 + Level 4.3 Spellcasting
 + Level 4.7 Transmutations


You had 9 spell levels left.
You knew the following spells:

 Your Spells              Type           Power      Damage    Failure   Level
a - Beastly Appendage     Tmut           50%        N/A       7%          1
b - Wereblood             Tmut           25%        N/A       9%          2
c - Spider Form           Tmut/Pois      15%        N/A       28%         3

Your spell library contained the following spells:

 Spells                   Type           Power      Damage    Failure   Level
 Blink                    Tloc           8%         N/A       36%         2
 Momentum Strike          Conj/Tloc      8%         3d8       36%         2
 Lesser Beckoning         Tloc           8%         N/A       54%         3
 Tukima's Dance           Hex            4%         N/A       54%         3
 Ice Form                 Ice/Tmut       15%        N/A       61%         4
 Passage of Golubria      Tloc           4%         N/A       88%         4
 Yara's Violent Unravell  Hex/Tmut       7%         3d5       89%         5


Dungeon Overview and Level Annotations

Branches:
Dungeon (6/15)
 Temple: D:4-7

Altars:
Cheibriados
Dithmenos
Gozag
Nemelex Xobeh
Okawaru
Qazlal
Wu Jian
Zin

Annotations:
D:1 exclusion: downstairs


Innate Abilities, Weirdness & Mutations

You are a venomous arachnid creature.
You have poisonous fangs.
You are tiny and dextrous.
Your spellcasting is less reliable in this form.
Your armour is entirely melded.
You are incapable of wielding weapons or throwing items.
((You can spit globs of acid.))
((Your golden yellow scales are hard. (AC +6)))
You cannot fit into any form of body armour.
((You are cold-blooded and may be slowed by cold attacks.))
((You are resistant to acid. (rCorr)))


Message History

The cyan ugly thing looks as sick as possible!
The cyan ugly thing is lightly wounded.
The cyan ugly thing barely misses you. The black bear barely misses you.
The black bear misses you. The black bear claws you.
You bite the cyan ugly thing!
The cyan ugly thing is lightly wounded.
The cyan ugly thing completely misses you.
You bite the cyan ugly thing!
The cyan ugly thing is moderately wounded.
The black bear barely misses you. x2
The black bear claws you but does no damage.
The cyan ugly thing tail-slaps you. The cyan ugly thing shocks you!
* * * LOW HITPOINT WARNING * * *
You hit the cyan ugly thing but do no damage.
The cyan ugly thing looks as sick as possible!
The cyan ugly thing is heavily wounded.
The black bear completely misses you. The black bear misses you. x2
You hit the cyan ugly thing.
The cyan ugly thing is heavily wounded.
The cyan ugly thing misses you. The black bear barely misses you.
The black bear claws you.
* * * LOW HITPOINT WARNING * * *
The black bear claws you.
* * * LOW HITPOINT WARNING * * *
The black bear attacks as you move away!
The black bear misses you. x2; The black bear closely misses you.
The cyan ugly thing attacks as you move away!
The cyan ugly thing closely misses you.
Unknown command.
Your transformation is almost over.
The cyan ugly thing tail-slaps you.
* * * LOW HITPOINT WARNING * * *
The cyan ugly thing shocks you!
* * * LOW HITPOINT WARNING * * *
The cyan ugly thing attacks as you move away!
The cyan ugly thing misses you. The cyan ugly thing tail-slaps you.
* * * LOW HITPOINT WARNING * * *
The cyan ugly thing shocks you!
You die...

## # ###############
#.........h.))#
+.......hc###h'...#
#.........# ###8.!#
#......u..# #'##$#
#.....s...# 8#$#
#.........# #
#.........# #.........#
#.........#
#######'###############
#)# #............ #.#
#.########### #.# #.#


You could see a cyan ugly thing (very poisoned), a black bear, a centaur and a
hound.

Vanquished Creatures
  Grinder (D:3)
  Sigmund (D:3)
  Menkaure (D:5)
  Edmund (D:5)
  A black bear (D:4)
  An ogre (D:5)
  2 centaurs (D:6)
  2 necrophages (D:6)
  A scorpion (D:4)
  An orc priest (D:5)
  2 hounds
  An iguana (D:5)
  4 orc wizards
  7 adders
  A gnoll (D:1)
  2 shadow imps
  2 white imps
  An ufetubus (D:5)
  3 worms
  14 orcs
  9 ball pythons
  3 endoplasms
  2 giant cockroaches
  6 goblins
  11 hobgoblins
  4 jackals (D:1)
  A quokka (D:2)
  6 bats
  5 frilled lizards
  10 kobolds
  5 rats
111 creatures vanquished.

Notes
Turn   | Place    | Note
-------+----------+-------------------------------------------
     0 | D:1      | boo the Draconian Transmuter began the quest for the Orb.
     0 | D:1      | Reached XP level 1. HP: 16/16 MP: 3/3
   105 | D:1      | Reached XP level 2. HP: 23/23 MP: 5/5
   240 | D:1      | Learned a level 2 spell: Wereblood
   544 | D:1      | Reached XP level 3. HP: 22/29 MP: 6/6
  1297 | D:2      | Reached XP level 4. HP: 30/36 MP: 7/7
  2120 | D:3      | Noticed Grinder
  2188 | D:3      | Killed Grinder
  2189 | D:3      | Reached skill level 4 in Unarmed Combat
  2189 | D:3      | Reached XP level 5. HP: 29/44 MP: 3/9
  2189 | D:3      | Reached XP level 6. HP: 34/50 MP: 3/10
  2315 | D:3      | Learned a level 3 spell: Spider Form
  2511 | D:3      | Noticed Sigmund
  2523 | D:3      | Killed Sigmund
  2524 | D:3      | Reached skill level 5 in Unarmed Combat
  2822 | D:4      | Your scales start taking on a golden yellow colour.
  2822 | D:4      | Reached XP level 7. HP: 29/57 MP: 5/11
  2822 | D:4      | Gained mutation: You are resistant to acid. (rCorr) [Yellow
                  | Draconian growth]
  3123 | D:4      | Found a shadowy altar of Dithmenos.
  3267 | D:4      | Found a stormy altar of Qazlal.
  3267 | D:4      | Found a glowing silver altar of Zin.
  3267 | D:4      | Found an iron altar of Okawaru.
  3268 | D:4      | Found an opulent altar of Gozag.
  3269 | D:4      | Found an ornate altar of the Wu Jian Council.
  3270 | D:4      | Found a snail-covered altar of Cheibriados.
  3856 | D:5      | Entered Level 5 of the Dungeon
  4108 | D:5      | Reached skill level 6 in Unarmed Combat
  4258 | D:5      | Noticed Menkaure
  4265 | D:5      | Killed Menkaure
  4266 | D:5      | Reached XP level 8. HP: 66/66 MP: 13/13
  4419 | D:5      | Found a sparkling altar of Nemelex Xobeh.
  4463 | D:5      | Noticed Edmund
  4491 | D:5      | Killed Edmund
  5324 | D:6      | Reached skill level 7 in Unarmed Combat
  5391 | D:6      | Noticed a cyan ugly thing
  5415 | D:6      | HP: 2/67 [cyan ugly thing (4)]
  5415 | D:6      | Mangled by a cyan ugly thing

Illustrated notes

Levels and vault maps discovered:
D:1:      dpeg_arrival_more_subterranean_lakeside_camping, layout_basic
D:2:      layout_basic, chequers_jeans
D:3:      layout_basic, minivault_27, uniq_sigmund, uniq_grinder
D:4:      layout_cave_pools, minitemple, mainiacjoe_overflow_24_doors,
          minmay_misc_feat_hallway
D:5:      layout_basic, nemelex_spade_bored_becter, mrwooster_statue_mirror,
          uniq_menkaure, uniq_edmund
D:6:      minmay_chambers_of_sixes, layout_basic, temple_green

Skill      XL: |  1  2  3  4  5  6  7  8 |
---------------+-------------------------+-----
Dodging        | 2 3 4 |  4.2
Fighting       | 2 3 4 |  4.7
Unarmed Combat | 4 5 6 7 |  7.0
Transmutations | 3 4 |  4.7
Spellcasting   | 3 4 |  4.3

Action                   |  1- 3 |  4- 6 |  7- 9 || total
-------------------------+-------+-------+-------++-------
Melee: Unarmed           |   161 |   146 |   250 ||   557
       Tailslap          |    15 |    14 |    30 ||    59
       Punch             |     3 |     3 |    11 ||    17
       Headbutt          |     2 |     9 |     9 ||    20
       Kick              |     1 |    12 |    19 ||    32
 Cast: Beastly Appendage |     2 |     7 |     5 ||    14
       Wereblood         |       |     2 |     1 ||     3
       Spider Form       |       |       |     1 ||     1
 Abil: Breathe Acid      |       |       |     1 ||     1
  Use: Potion            |       |     1 |       ||     1
 Stab: Distracted        |       |       |     1 ||     1
       Sleeping          |       |       |     1 ||     1
Armor: Skin              |    64 |    39 |   109 ||   212
Dodge: Dodged            |   121 |    95 |   175 ||   391

Table legend: (Time is in decaauts)
 A = Elapsed time spent in this place.
 B = Non-inter-level travel time spent in this place.
 C = Inter-level travel time spent in this place.
 D = Time resting spent in this place.
 E = Time spent auto-exploring this place.
 F = Levels seen in this place.
 G = Mean time per level.
                   A        B        C        D        E       F      G
               +--------+--------+--------+--------+--------+-----+--------+
         Total |   5370 |   5083 |    287 |    822 |   3113 |   6 |  895.0 |
       Dungeon |   5370 |   5083 |    287 |    822 |   3113 |   6 |  895.0 |
               +--------+--------+--------+--------+--------+-----+--------+

Top non-repeatable levels by time:
     D:1: 999 daAuts
     D:2: 996 daAuts
     D:5: 989 daAuts
     D:4: 943 daAuts
     D:3: 893 daAuts
     D:6: 548 daAuts
